 Dungeon Crawl Stone Soup version 0.27.0-1-g7a089689b8 (webtiles) character file.

Game seed: 11494211585747454927

697 xlow the Slasher (level 7, -3/53 (55) HPs)
             Began as a Demonspawn Abyssal Knight on Aug 16, 2021.
             Was a Believer of Lugonu.
             Slain by a wight (10 damage)
             ... on level 5 of the Dungeon.
             The game lasted 00:43:23 (5757 turns).

xlow the Slasher (Demonspawn Abyssal Knight)        Turns: 5757, Time: 00:43:24

HP:   -3/53 (55)    AC: 13    Str: 20      XL:     7   Next: 38%
MP:   9/9           EV:  8    Int: 14      God:    Lugonu [**....]
Gold: 298           SH:  0    Dex:  9 (12) Spells: 6/6 levels left

rFire    . . .     SeeInvis .   a - +1 falchion
rCold    . . .     Faith    .   (no shield)
rNeg     . . .     Spirit   .   y - +0 chain mail
rPois    .         Reflect  .   (no helmet)
rElec    .         Harm     .   (no cloak)
rCorr    .         Rampage  .   h - +0 pair of gloves
Will     .....                  (no boots)
Stlth    ..........             (no amulet)
HPRegen  0.17/turn              p - +6 ring of strength
MPRegen  0.11/turn              (no ring)

@: attractive, lightly drained
A: yellow scales 2, foul stench 1
a: Renounce Religion, Depart the Abyss, Bend Space


You were on level 5 of the Dungeon.
You worshipped Lugonu.
Lugonu was pleased with you.
You visited 1 branch of the dungeon, and saw 5 of its levels.
You visited the Abyss 1 time.

You collected 298 gold pieces.

Inventory:

Hand Weapons
 a - a +1 falchion (weapon)
 e - a +0 scythe
 E - a +2 whip of distortion
Missiles
 f - 4 javelins
 g - 16 boomerangs
 i - 71 stones
 r - 57 poisoned darts
 t - 28 sling bullets
 H - 48 bolts
Armour
 c - a +0 robe of cold resistance
 h - a +0 pair of gloves (worn)
 y - a +0 chain mail (worn)
Jewellery
 p - a +6 ring of strength (left hand)
Scrolls
 b - a scroll of enchant armour {unknown}
 d - a scroll of noise {unknown}
 n - 2 scrolls of fear
 v - a scroll of identify
 F - a scroll of fog {unknown}
Potions
 s - a potion of cancellation
 P - a potion of haste {unknown}


   Skills:
 + Level 4.7 Fighting
 + Level 5.3 Long Blades
 + Level 4.1 Armour
 + Level 1.6 Dodging
 + Level 0.3 Stealth
 + Level 2.8 Invocations


You had 6 spell levels left.
You didn't know any spells.
Your spell library was empty.

Dungeon Overview and Level Annotations

Branches:
Dungeon (5/15)
 Temple: D:4-7

Altars:
Ashenzari
Cheibriados
Fedhas
Nemelex Xobeh
Okawaru
Ru
Sif Muna
Xom
The Shining One

Annotations:
D:5 Eustachio


Innate Abilities, Weirdness & Mutations

You are mostly covered in yellow scales. (AC +3)
You may rarely emit foul miasma when damaged in melee.


Message History

The wight hits you from afar with a +0 trident.
You feel drained.
You barely miss the wight.
The wight is lightly damaged.
The wight completely misses you.
The wight hits you from afar with a +0 trident.
* * * LOW HITPOINT WARNING * * *
You slash the wight!
The wight is severely damaged.
The wight barely misses you. x2
You hit the wight but do no damage.
The wight is severely damaged.
The wight hits you but does no damage. The wight closely misses you.
You hit the wight.
The wight is severely damaged.
The wight barely misses you.
You riposte.
You barely miss the wight.
The wight is severely damaged.
The wight hits you from afar with a +0 trident.
* * * LOW HITPOINT WARNING * * *
You feel drained.
* * * LOW HITPOINT WARNING * * *
It was a potion of attraction.
You feel attractive to monsters. The wight barely misses you.
The wight is pulled toward you! The wight hits you but does no damage.
The wight closely misses you. The wight is pulled toward you!
The wight barely misses you.
You closely miss the wight.
The wight is severely damaged.
The wight hits you but does no damage. The wight is pulled toward you!
You completely miss the wight.
The wight is severely damaged.
The wight hits you but does no damage. The wight closely misses you.
You closely miss the wight.
The wight is severely damaged.
The wight barely misses you. The wight hits you but does no damage.
You barely miss the wight.
The wight is severely damaged.
The wight hits you with a +0 war axe!
You die...

.......................#
.......................#
....... ..............#
.. ..............#
..............#
..............#
..............#
..............#
......z@......#
.......z......#
..............#
..............#
......).......#
..............#
..............#
..............#
..............#


You could see 2 wights.

Vanquished Creatures
  Sigmund (D:5)
  A necrophage (D:5)
  2 water moccasin skeletons
  A wight (D:5)
  2 hounds
  A jelly (D:3)
  An orc priest (D:3)
  A centaur skeleton (D:4)
  2 orc wizards (D:4)
  3 adders
  An adder zombie (D:5)
  2 worms
  A dart slug (D:1)
  7 orcs
  6 bats
  3 endoplasms
  4 giant cockroaches
  4 hobgoblins
  6 jackals
  4 quokkas
  5 ball pythons
  A frilled lizard (D:1)
  9 goblins
  5 kobolds
  2 rats
75 creatures vanquished.

Vanquished Creatures (others)
  A plant (D:5)
1 creature vanquished.

Grand Total: 76 creatures vanquished

Notes
Turn   | Place    | Note
-------+----------+-------------------------------------------
     0 | Abyss:1  | xlow the Demonspawn Abyssal Knight began the quest for the
                  | Orb.
     0 | Abyss:1  | Reached XP level 1. HP: 18/18 MP: 2/2
   100 | Abyss:1  | Noticed a worldbinder
   104 | Abyss:1  | Noticed a thrashing horror
   104 | Abyss:1  | Noticed a hell hog
   106 | Abyss:1  | Noticed an orc priest
   106 | D:1      | Escaped the Abyss
   501 | D:1      | Reached * piety under Lugonu
   502 | D:1      | Gained mutation: You are partially covered in yellow
                  | scales. (AC +2) [demonic ancestry]
   502 | D:1      | Reached XP level 2. HP: 19/24 MP: 3/3
   647 | D:1      | Reached skill level 2 in Long Blades
   863 | D:1      | Found a blossoming altar of Fedhas.
  1101 | D:2      | Reached XP level 3. HP: 29/29 MP: 5/5
  1716 | D:3      | Reached skill level 1 in Dodging
  1771 | D:3      | Gained mutation: You are mostly covered in yellow scales.
                  | (AC +3) [demonic ancestry]
  1771 | D:3      | Reached XP level 4. HP: 19/37 MP: 6/6
  1941 | D:3      | Found a shimmering blue altar of Sif Muna.
  1954 | D:3      | Reached skill level 3 in Long Blades
  2187 | D:3      | Found a broken altar of Ashenzari.
  2236 | D:3      | Reached ** piety under Lugonu
  2256 | D:3      | Gained mutation: You may rarely emit foul miasma when
                  | damaged in melee. [demonic ancestry]
  2256 | D:3      | Reached XP level 5. HP: 30/42 MP: 7/7
  2342 | D:3      | Found a faded altar of an unknown god.
  2342 | D:3      | Found a sparkling altar of Nemelex Xobeh.
  2352 | D:3      | Found a faded altar of an unknown god.
  2359 | D:3      | Found an iron altar of Okawaru.
  2361 | D:3      | Found a snail-covered altar of Cheibriados.
  3142 | D:4      | Reached skill level 4 in Long Blades
  3576 | D:4      | Found a shimmering altar of Xom.
  3579 | D:4      | Found a broken altar of Ashenzari.
  3579 | D:4      | Found a stormy altar of Qazlal.
  3582 | D:4      | Found a radiant altar of Vehumet.
  3646 | D:4      | Reached XP level 6. HP: 32/48 MP: 8/8
  4333 | D:5      | Entered Level 5 of the Dungeon
  4333 | D:5      | Noticed Sigmund
  4349 | D:5      | Killed Sigmund
  4537 | D:5      | Reached skill level 5 in Long Blades
  4537 | D:5      | Reached XP level 7. HP: 32/54 MP: 9/9
  4875 | D:5      | Found a sacrificial altar of Ru.
  4886 | D:5      | Noticed Eustachio
  5757 | D:5      | Slain by a wight

Illustrated notes

Levels and vault maps discovered:
D:1:      dpeg_arrival_lava_altar, layout_rooms
D:2:      layout_basic
D:3:      layout_rooms, old_standard_altar, marbit_many_paths,
          chequers_temple_overflow_minitemple
D:4:      layout_basic, doesnt_xom_only_xom
D:5:      layout_layer_cave, lemuel_round_altar, amcnicky_altar_gilded,
          minmay_strange_pillars, serial_bayou_crossing, uniq_edmund,
          uniq_sigmund, uniq_eustachio

Skill      XL: |  1  2  3  4  5  6  7 |
---------------+----------------------+-----
Long Blades    | 2 3 4 5 |  5.3
Armour         | 2 3 4 |  4.1
Dodging        | 1 |  1.6
Fighting       | 4 |  4.7
Stealth        | |  0.3
Invocations    | |  2.8

Action                   |  1- 3 |  4- 6 |  7- 9 || total
-------------------------+-------+-------+-------++-------
Melee: Falchion          |   148 |   138 |   119 ||   405
Invok: Depart the Abyss  |     1 |       |       ||     1
  Use: Potion            |     1 |     4 |     3 ||     8
       Scroll            |       |     3 |     2 ||     5
Armor: Leather armour    |    28 |       |       ||    28
       Chain mail        |    85 |   108 |   198 ||   391
Dodge: Dodged            |    70 |    56 |   130 ||   256
       Rpst.: Falchion   |    21 |    13 |    41 ||    75
